 Dungeon Crawl Stone Soup version 0.30.0-3-ga4e48a9924 (webtiles) character file.

Game seed: 6249170548272267015

26600 bjtr the Geomancer (level 13, -7/67 HPs)
             Began as a Gargoyle Earth Elementalist on May 7, 2023.
             Was a Follower of Vehumet.
             Mangled by a large slime creature (27 damage)
             ... on level 14 of the Dungeon on May 8, 2023.
             The game lasted 01:39:43 (17433 turns).

bjtr the Geomancer (Gargoyle Earth Elementalist)   Turns: 17433, Time: 01:39:44

Health: -7/67      AC: 30    Str: 16    XL:     13   Next: 27%
Magic:  16/37      EV: 10    Int: 25    God:    Vehumet [*.....]
Gold:   336        SH:  9    Dex: 10    Spells: 17/34 levels left

rFire   . . .        a - +2 flail (holy)
rCold   . . .        R - +0 kite shield
rNeg    + . .        p - +8 ring mail of the Fletcher {rC+ Will+ Str+2}
rPois   ∞            B - +1 hat "Peumaack" {+Blink +Inv rC- Stlth+}
rElec   +            l - scarf {repulsion}
rCorr   +            M - +2 pair of gloves
SInv    .            v - +0 pair of boots "Caetoul" {rCorr}
Will    +....        G - amulet of regeneration
Stlth   +++          I - ring of magical power
HPRegen 1.11/turn    e - +6 ring of intelligence
MPRegen 0.25/turn

%: repel missiles
@: no status effects
A: sickness immunity, AC +9, negative energy resistance 1, electricity
resistance, torment resistance 1, petrification resistance
a: Renounce Religion, Evoke Blink, Evoke Invisibility


You were on level 14 of the Dungeon.
You worshipped Vehumet.
Vehumet was aware of your devotion.
You visited 2 branches of the dungeon, and saw 15 of its levels.
You also visited: Gauntlet.

You collected 967 gold pieces.
You spent 631 gold pieces at shops.

Inventory:

Hand Weapons
 a - a +2 flail of holy wrath (weapon)
 b - the +4 sling of Valour {flame, rF+}
   (You found it on level 13 of the Dungeon)

   rF:        It protects you from fire.
 c - a +0 morningstar
 H - a +3 flail
 J - a +0 scimitar of flaming
Missiles
 D - 3 silver javelins
 F - 2 atropa-tipped darts
 N - 4 curare-tipped darts (quivered)
Armour
 l - a scarf of repulsion (worn)
 p - the +8 ring mail of the Fletcher (worn) {rC+ Will+ Str+2}
   (You found it on level 2 of the Dungeon)

   Str:       It affects your strength (+2).
   rC:        It protects you from cold.
   Will:      It increases your willpower.
 q - a +1 pair of boots
 u - an orb of mayhem
 v - the +0 pair of boots "Caetoul" (worn) {rCorr}
   (You found it in a Gauntlet)

   rCorr:     It protects you from acid and corrosion.
 B - the +1 hat "Peumaack" (worn) {+Blink +Inv rC- Stlth+}
   (You found it in a Gauntlet)

   rC:        It makes you vulnerable to cold.
   +Inv:      It lets you turn invisible.
   +Blink:    It lets you blink.
   Stlth:     It makes you more stealthy.
 C - a +1 helmet
 M - a +2 pair of gloves (worn)
 R - a +0 kite shield (worn)
Jewellery
 e - a +6 ring of intelligence (right hand)
 i - the ring of Zivi {Drain rElec rN+ rCorr}
   (You found it in a Gauntlet)

   [ring of positive energy]

   rElec:     It insulates you from electricity.
   rN:        It protects you from negative energy.
   rCorr:     It protects you from acid and corrosion.
   Drain:     It drains your maximum health when unequipped.
 r - a ring of fire
 x - the ring "Ritop" {Contam Fly rElec rN+ rCorr}
   (You found it on level 13 of the Dungeon)

   [ring of positive energy]

   rElec:     It insulates you from electricity.
   rN:        It protects you from negative energy.
   Fly:       It grants you flight.
   Contam:    It causes magical contamination when unequipped.
   rCorr:     It protects you from acid and corrosion.
 G - an amulet of regeneration (around neck)
 I - a ring of magical power (left hand)
Wands
 t - a wand of digging (3)
 A - a wand of flame (31)
 L - a wand of mindburst (18)
 O - a wand of quicksilver (11)
 T - a wand of iceblast (2)
 W - a wand of polymorph (11)
Scrolls
 f - 2 scrolls of identify
 g - 11 scrolls of teleportation
 h - 9 scrolls of poison
 k - a scroll of magic mapping
 o - a scroll of vulnerability
 y - a scroll of fear
 E - 2 scrolls of immolation
 Q - a scroll of blinking
 Y - 2 scrolls of enchant weapon
Potions
 d - 3 potions of flight
 j - 3 potions of resistance
 m - 2 potions of might
 n - 4 potions of curing
 s - a potion of magic
 w - 2 potions of haste
 z - 2 potions of ambrosia
 P - 3 potions of lignification
 S - 2 potions of mutation
 U - a potion of attraction
 V - a potion of heal wounds
 Z - 2 potions of cancellation
Miscellaneous
 K - a piece from Xom's chessboard (15/15)


   Skills:
 + Level 2.2 Fighting
 * Level 8.6 Armour
 + Level 4.3 Dodging
 + Level 3.7 Stealth
 * Level 5.9 Shields
 + Level 11.2 Spellcasting
 * Level 8.3 Conjurations
 - Level 0.7 Transmutations
 + Level 14.0 Earth Magic
 + Level 5.3 Evocations


You had 17 spell levels left.
You knew the following spells:

 Your Spells              Type           Power      Damage    Failure   Level
a - Sandblast             Erth           100%       2d20      1%          1
b - Passwall              Tmut/Erth      41%        N/A       1%          2
c - Stone Arrow           Conj/Erth      100%       3d13      1%          3
d - Petrify               Tmut/Erth      50%        N/A       9%          4
e - Lee's Rapid Deconstr  Erth           35%        3d18*     1%          5
f - Blink                 Tloc           28%        N/A       28%         2

Your spell library contained the following spells:

 Spells                   Type           Power      Damage    Failure   Level
 Shock                    Conj/Air       100%       1d9       3%          1
 Momentum Strike          Conj/Tloc      68%        3d9       5%          2
 Apportation              Tloc           28%        N/A       19%         1
 Necrotise                Necr           56%        1d6       19%         1
 Summon Small Mammal      Summ           56%        N/A       19%         1
 Ensorcelled Hibernation  Hex/Ice        28%        N/A       28%         2
 Lesser Beckoning         Tloc           28%        N/A       28%         2
 Scorch                   Fire           28%        2d6       28%         2
 Flame Wave               Conj/Fire      34%        2d10      34%         4
 Fulminant Prism          Conj/Hex       17%        3d10      34%         4
 Iskenderun's Mystic Bla  Conj/Tloc      34%        2d8       34%         4
 Gell's Gravitas          Tloc           14%        N/A       50%         3
 Portal Projectile        Hex/Tloc       28%        N/A       50%         3
 Summon Guardian Golem    Hex/Summ       14%        N/A       50%         3
 Swiftness                Air            14%        N/A       50%         3
 Teleport Other           Tloc           14%        N/A       50%         3
 Vhi's Electric Charge    Tloc/Air       28%        N/A       50%         3
 Volatile Blastmotes      Fire/Tloc      28%        2d12      50%         3
 Arcjolt                  Conj/Air       17%        1d27      67%         5
 Airstrike                Air            7%         2d(1-17)  88%         4
 Yara's Violent Unravell  Hex/Tmut       7%         3d5       99%         5
 Dispersal                Tloc           7%         N/A       100%        6
 Summon Cactus Giant      Summ           7%         N/A       100%        6
 Maxwell's Capacitive Co  Air            7%         ∞         100%        8


Dungeon Overview and Level Annotations

Branches:
Dungeon (14/15)            Temple (1/1) D:6            Lair (0/5) D:9
    Orc (0/2) D:11        Gauntlet (visited)
 Vaults: D:13-14

Altars:
Ashenzari
Cheibriados
Dithmenos
Elyvilon
Fedhas
Gozag
Hepliaklqana
Kikubaaqudgha
Makhleb
Nemelex Xobeh
Okawaru
Qazlal
Ru
Sif Muna
Trog
Uskayaw
Vehumet
Wu Jian
Xom
Yredelemnul
Zin
The Shining One

Shops:
D:6 *   D:10 (   D:12 *   D:13 :

Portals:
Trove: D:11 (give 11 potions of heal wounds)

Annotations:
D:9 3 runed translucent doors, platinum's ghost, novice DgRe
D:11 3 runed translucent doors, SecretSquirrel's ghost, journeyman MiGl
D:12 3 runed translucent doors, Anyutwal's ghost, journeyman HOFi


Innate Abilities, Weirdness & Mutations

You are immune to sickness and miasma.
Your stone body is resilient. (AC +9)
You are immune to poison.
You resist negative energy. (rN+)
You are resistant to electric shocks. (rElec)
You are resistant to unholy torment.
You are immune to petrification.


Message History

Unknown command.
Casting: Lee's Rapid Deconstruction (dangerous; 1% risk of failure)
Confirm with . or Enter, or press ? or * to list all spells.
Aiming: Lee's Rapid Deconstruction (dangerous; 1% risk of failure)
Press: ? - help, Dir - move target A rock wall.
The wall shatters!
The blast of rock fragments hits the cyclops!
You kill the cyclops!
Vehumet accepts your kill.
The blast of rock fragments hits the slime creature!
The slime creature is lightly wounded.
The blast of rock fragments hits the large slime creature!!!
The large slime creature is severely wounded.
Two slime creatures merge to form a very large slime creature.
The slime creature barely misses you.
Unknown command.
Unknown command.
You hit the slime creature.
The slime creature is almost dead.
The slime creature closely misses you.
Unknown command.
You sock the slime creature!
The slime creature is almost dead.
The slime creature hits you but does no damage.
You block the slime creature's attack.
Unknown command.
You hit the slime creature.
The slime creature is almost dead.
Two slime creatures merge to form a large slime creature.
Unknown command.
The large slime creature attacks as you move away!
The large slime creature hits you!! The large slime creature hits you!
The large slime creature attacks as you move away!
The large slime creature hits you!!
* * * LOW HITPOINT WARNING * * *
The large slime creature attacks as you move away!
The large slime creature hits you!!
You die...

####...#......#..,,
#...#......#.#**
######...####+###.#
#........# *,* ***
#........# *,*
#.....#### *,* ****
###.....#******+*# *,,,
#.+.....+,,,,,,,.# *,,,
#.#...@.#*****,..#**,,,
#.#...J.# *,...+,+,,,
#.#.....#####....#**,,,
#.'.....J..(.....# *,,,
###.....######...# *,,,
####### *,,.# *,,,
*,,,* *,,, *,,,* *,,,
***** *,,,


You could see a very large slime creature and a large slime creature.

Vanquished Creatures
  Nessos (D:13)
  Azrael (D:13)
  A minotaur (Gauntlet)
  A great orb of eyes (Gauntlet)
  2 hydras
  2 boulder beetles (D:12)
  A centaur warrior (D:13)
  4 two-headed ogres
  2 thrashing horrors (Gauntlet)
  3 ugly things
  2 cyclopes
  2 manticores
  A gargoyle (D:12)
  2 ice statues
  A rime drake (Gauntlet)
  A komodo dragon (D:8)
  5 trolls
  2 tengu conjurers (D:13)
  Grinder (D:4)
  7 slime creatures
  2 shadows
  3 wyverns (D:9)
  A basilisk (D:9)
  A fire elemental (D:13)
  11 yaks
  Eustachio (D:4)
  2 vampire mosquitoes (D:12)
  A steam dragon (D:6)
  4 wargs (D:11)
  4 hell hounds (D:13)
  3 acid dragons
  2 water moccasins (D:9)
  Duvessa (D:7)
  2 ice beasts
  A black bear (D:6)
  A sky beast (D:6)
  6 orc warriors
  2 ogres
  12 centaurs
  2 small abominations (Gauntlet)
  A kobold brigand (D:9)
  Blork the orc (D:4)
  7 bullfrogs
  2 gnoll sergeants
  5 scorpions
  4 wights (D:9)
  Dowan (D:7)
  14 killer bees
  2 electric eels (D:10)
  3 howler monkeys (D:10)
  7 hounds
  2 jellies
  2 quasits (D:6)
  11 orc priests
  Terence (D:2)
  5 iguanas
  14 orc wizards
  A hound zombie (D:3)
  Robin (D:4)
  17 gnolls
  3 adders
  2 shadow imps (D:6)
  3 white imps
  4 ufetubi
  An adder skeleton (D:3)
  A worm (D:3)
  A dart slug (D:2)
  46 orcs
  5 ball pythons
  3 bats
  6 endoplasms
  4 giant cockroaches
  17 goblins
  15 hobgoblins
  4 jackals
  4 quokkas
  7 frilled lizards
  11 kobolds
  6 rats
348 creatures vanquished.

Vanquished Creatures (collateral kills)
  A wraith (D:9)
  A killer bee (D:9)
  An orc priest (D:8)
3 creatures vanquished.

Vanquished Creatures (others)
  A rime drake (Gauntlet)
  An orc priest (D:9)
  2 gnolls
  An orc (D:8)
  20 demonic plants
  5 fungi (D:9)
  32 plants
62 creatures vanquished.

Grand Total: 413 creatures vanquished

Notes
Turn   | Place    | Note
-------+----------+-------------------------------------------
     0 | D:1      | bjtr the Gargoyle Earth Elementalist began the quest for
                  | the Orb.
     0 | D:1      | Reached XP level 1. HP: 10/10 MP: 3/3
   120 | D:1      | Reached skill level 4 in Earth Magic
   184 | D:1      | Reached XP level 2. HP: 15/15 MP: 3/5
   187 | D:1      | Learned a level 2 spell: Passwall
   674 | D:1      | Reached XP level 3. HP: 19/19 MP: 4/6
   882 | D:2      | Noticed Terence
  1465 | D:2      | Learned a level 3 spell: Stone Arrow
  1511 | D:2      | Identified the +8 ring mail of the Fletcher {rC+ Will+
                  | Str+2}
  1565 | D:2      | Killed Terence
  1566 | D:2      | Reached skill level 5 in Earth Magic
  1566 | D:2      | Reached XP level 4. HP: 17/24 MP: 1/8
  1746 | D:3      | Found a faded altar of an unknown god.
  1926 | D:3      | Reached skill level 1 in Conjurations
  1945 | D:3      | Reached XP level 5. HP: 20/28 MP: 0/9
  1956 | D:3      | Reached skill level 1 in Armour
  1997 | D:3      | Reached skill level 1 in Evocations
  2110 | D:3      | Learned a level 4 spell: Petrify
  2233 | D:3      | Found a hazy altar of Hepliaklqana.
  2335 | D:3      | Found a broken altar of Ashenzari.
  2749 | D:4      | Noticed Blork the orc
  2762 | D:4      | Killed Blork the orc
  2763 | D:4      | Reached XP level 6. HP: 30/32 MP: 8/11
  2957 | D:4      | Noticed Grinder
  2972 | D:4      | Paralysed by Grinder for 3 turns
  2977 | D:4      | Killed Grinder
  2978 | D:4      | Reached skill level 6 in Earth Magic
  2978 | D:4      | Reached XP level 7. HP: 36/36 MP: 7/13
  3114 | D:4      | Noticed Eustachio
  3122 | D:4      | Killed Eustachio
  3127 | D:4      | Reached skill level 5 in Spellcasting
  3225 | D:4      | Found an ornate altar of the Wu Jian Council.
  3327 | D:4      | Noticed Robin
  3338 | D:4      | Killed Robin
  3612 | D:5      | Entered Level 5 of the Dungeon
  3632 | D:5      | Reached XP level 8. HP: 41/41 MP: 10/15
  3826 | D:5      | Found a basalt altar of Yredelemnul.
  3827 | D:5      | Found a shimmering altar of Xom.
  3839 | D:5      | Reached skill level 7 in Earth Magic
  4962 | D:6      | Found a staircase to the Ecumenical Temple.
  4976 | D:6      | Reached skill level 8 in Earth Magic
  4976 | D:6      | Reached XP level 9. HP: 46/46 MP: 16/18
  4980 | Temple   | Entered the Ecumenical Temple
  5879 | D:6      | Found Nomid's Assorted Antiques.
  5882 | D:6      | Bought a ruby ring for 85 gold pieces
  5882 | D:6      | Bought an embroidered cloak for 127 gold pieces
  6438 | D:7      | Reached skill level 9 in Earth Magic
  6701 | D:7      | Noticed Dowan
  6704 | D:7      | Noticed Duvessa
  6708 | D:7      | Killed Dowan
  6713 | D:7      | Killed Duvessa
  6987 | D:7      | Reached skill level 1 in Fighting
  7194 | D:7      | Noticed a two-headed ogre
  7208 | D:7      | Killed a two-headed ogre
  7209 | D:7      | Reached skill level 5 in Armour
  7209 | D:7      | Reached XP level 10. HP: 52/52 MP: 1/21
  7419 | D:7      | Upgraded the game from 0.30.0 to 0.30.0-3-ga4e48a9924
  7450 | D:8      | Reached skill level 10 in Earth Magic
  7569 | D:8      | Found an ancient bone altar of Kikubaaqudgha.
  7634 | D:8      | Reached skill level 5 in Conjurations
  8542 | D:9      | Noticed a two-headed ogre
  8556 | D:9      | Killed a two-headed ogre
  8706 | D:9      | Found a runed translucent gate.
  8706 | D:9      | Noticed a five-headed hydra
  8707 | D:9      | Found a runed translucent gate.
  8707 | D:9      | Found a runed translucent gate.
  8707 | D:9      | Noticed platinum's ghost (novice DgRe)
  8901 | D:9      | Reached skill level 11 in Earth Magic
  8910 | D:9      | Reached XP level 11. HP: 39/56 MP: 24/24
  9550 | D:9      | Identified the +2 robe of the Onion {rC+ Int+3}
  9624 | D:9      | Found a staircase to the Lair.
 10165 | D:10     | Entered Level 10 of the Dungeon
 10272 | D:10     | Found a blossoming altar of Fedhas.
 10311 | D:10     | Reached skill level 1 in Shields
 10396 | D:10     | Found a radiant altar of Vehumet.
 10634 | D:10     | Became a worshipper of Vehumet
 10841 | D:10     | Found a burning altar of Makhleb.
 10844 | D:10     | Found an opulent altar of Gozag.
 11093 | D:10     | Found Seletid's Weapon Shop.
 11093 | D:10     | You fall into a shaft and drop 1 floor!
 11123 | D:11     | Found a portal to a secret trove of treasure.
 11165 | D:11     | Found a staircase to the Orcish Mines.
 11168 | D:11     | Reached skill level 5 in Evocations
 11184 | D:11     | Reached skill level 12 in Earth Magic
 11293 | D:11     | Noticed a white ugly thing
 11310 | D:11     | Killed a red ugly thing
 11429 | D:11     | Learned a level 5 spell: Lee's Rapid Deconstruction
 11445 | D:11     | Noticed a two-headed ogre
 11451 | D:11     | Killed a two-headed ogre
 11806 | D:11     | Found a runed translucent gate.
 11807 | D:11     | Found a runed translucent gate.
 11808 | D:11     | Found a runed translucent gate.
 11810 | D:11     | Noticed SecretSquirrel's ghost (journeyman MiGl)
 12278 | D:10     | Reached skill level 10 in Spellcasting
 12607 | D:12     | Noticed a two-headed ogre
 12610 | D:12     | Killed a two-headed ogre
 12611 | D:12     | Reached XP level 12. HP: 62/62 MP: 26/26
 12617 | D:12     | Noticed a boulder beetle
 12633 | D:12     | Killed a boulder beetle
 13423 | D:12     | Found Wacui's Assorted Antiques.
 13428 | D:12     | Bought a diamond ring for 145 gold pieces
 13428 | D:12     | Bought a scroll of identify for 58 gold pieces
 13715 | D:12     | Reached * piety under Vehumet
 13715 | D:12     | Offered knowledge of Shock by Vehumet.
 13885 | D:12     | Noticed a death knight
 14063 | D:12     | Noticed a five-headed hydra
 14074 | D:12     | Killed a five-headed hydra
 14075 | D:12     | Reached skill level 13 in Earth Magic
 14431 | D:12     | Noticed a boulder beetle
 14459 | D:12     | Killed a boulder beetle
 14697 | D:12     | Found a runed translucent gate.
 14697 | D:12     | Found a runed translucent gate.
 14697 | D:12     | Noticed a naga warrior
 14697 | D:12     | Noticed a centaur warrior
 14698 | D:12     | Found a runed translucent gate.
 14698 | D:12     | Noticed a merfolk impaler
 14698 | D:12     | Noticed a tengu warrior
 14699 | D:12     | Noticed a centaur warrior
 14699 | D:12     | Noticed a centaur warrior
 14699 | D:12     | Noticed Anyutwal's ghost (journeyman HOFi)
 14701 | D:12     | Found an iron altar of Okawaru.
 14750 | D:13     | Found Zochi's Book Emporium.
 14752 | D:13     | Identified the ring "Ritop" {Contam Fly rElec rN+ rCorr}
 14760 | D:13     | Bought a book of Spatial Translocations for 216 gold pieces
 14763 | D:13     | Learned a level 2 spell: Blink
 14809 | D:13     | Noticed a centaur warrior
 14827 | D:13     | Killed a centaur warrior
 15112 | D:13     | Noticed Azrael
 15395 | D:13     | Noticed a six-headed hydra
 15405 | D:13     | Killed a six-headed hydra
 15783 | D:13     | Noticed Nessos
 15796 | D:13     | Killed Nessos
 16157 | D:13     | Identified the +4 sling of Valour {flame, rF+}
 16265 | D:13     | Reached skill level 5 in Shields
 16273 | D:13     | Killed Azrael
 16492 | D:14     | Found a gate leading to a gauntlet.
 16504 | Gauntlet | Entered a Gauntlet
 16504 | Gauntlet | Found a transporter.
 16504 | Gauntlet | Found a transporter.
 16510 | Gauntlet | Noticed a tengu warrior
 16521 | Gauntlet | Found a transporter.
 16533 | Gauntlet | Noticed a great orb of eyes
 16534 | Gauntlet | Found a transporter.
 16534 | Gauntlet | Found a transporter.
 16534 | Gauntlet | Found a transporter.
 16536 | Gauntlet | Found a transporter.
 16536 | Gauntlet | Found a transporter.
 16538 | Gauntlet | Noticed a wretched star
 16548 | Gauntlet | Found a transporter.
 16564 | Gauntlet | Found a transporter.
 16571 | Gauntlet | Noticed a thrashing horror
 16573 | Gauntlet | Noticed a thrashing horror
 16574 | Gauntlet | Found a transporter.
 16591 | Gauntlet | Found a transporter.
 16608 | Gauntlet | Found a transporter.
 16608 | Gauntlet | Noticed a soul eater
 16616 | Gauntlet | Found a runed translucent door.
 16616 | Gauntlet | Found a runed translucent door.
 16620 | Gauntlet | Found a transporter.
 16724 | Gauntlet | Reached XP level 13. HP: 40/66 MP: 20/27
 16806 | Gauntlet | Identified the ring of Zivi {Drain rElec rN+ rCorr}
 16842 | Gauntlet | Killed a great orb of eyes
 16910 | Gauntlet | Identified the +0 pair of boots "Caetoul" {rCorr}
 16991 | Gauntlet | Identified the +1 hat "Peumaack" {+Blink +Inv rC- Stlth+}
 17010 | Gauntlet | Noticed a minotaur
 17029 | Gauntlet | Killed a minotaur
 17165 | Gauntlet | Got Raomn's Almanac of Doom
 17352 | D:14     | Reached skill level 14 in Earth Magic
 17433 | D:14     | Mangled by a large slime creature

Illustrated notes

Levels and vault maps discovered:
D:1:      dpeg_arrival_arbitrary_b, layout_basic
D:2:      layout_rooms, uniq_terence
D:3:      layout_loops_ring, mainiacjoe_overflow_24_doors,
          mainiacjoe_overflow_boulevard, nicolae_ecumenical_lake_church,
          serial_undead, serial_undead_d, serial_undead_f, serial_undead_e,
          serial_undead_c, minmay_misc_feat_cross
D:4:      layout_rooms, nzn_wu_jian_council_hall, minmay_misc_feat_square,
          serial_bayou_pond_d, uniq_grinder, uniq_blork_the_orc, uniq_robin,
          uniq_eustachio
D:5:      layout_gridville, chequers_temple_overflow_statue_of_worship,
          kennysheep_generic_room_12
D:6:      layout_gridville, minmay_temple_entry_wispy, serial_shops,
          nicolae_shop_behind_doors, serial_demonic, serial_demonic_a,
          serial_demonic_b, serial_demonic_d, serial_demonic_g
D:7:      layout_gridville, serial_rivers, chequers_serial_rivers_small_b,
          chequers_serial_rivers_micro_d, chequers_serial_rivers_micro_d,
          chequers_serial_rivers_room_b, nicolae_underground_beach, uniq_duvessa
D:8:      layout_gridville, nicolae_overflow_crystal_walls, minmay_lizard_king
D:9:      kennysheep_housing_project, layout_cave_pods, minmay_lair_entry_grove,
          gammafunk_ghost_split
D:10:     layout_layer_cave, old_standard_altar, vehumet_altar_wand_db,
          nicolae_overflow_squiral, serial_shops,
          nicolae_shop_bloodbath_and_beyond, minivault_16
D:11:     layout_cave_pools, minmay_orc_entry_guard_dogs,
          nicolae_trove_entry_crossroad, gammafunk_ghost_necromancy
D:12:     layout_loops_ring, gammafunk_ghost_fury_of_okawaru, serial_shops,
          shop, kb_rosetta
D:13:     layout_roguey, serial_shops, shop, uniq_nessos, uniq_azrael
D:14:     layout_basic, david_vaults_4, ebering_ghost_rock_garden,
          gauntlet_entry_generic, evilmike_butchery
Temple:   nicolae_temple_godzebo

Skill      XL: |  1  2  3  4  5  6  7  8  9 10 11 12 13 |
---------------+----------------------------------------+-----
Earth Magic    | 4 5 6 8 9 11 12 13 14 | 14.0
Conjurations   | 1 2 4 5 6 8 |  8.3
Spellcasting   | 3 4 5 6 7 9 10 11 | 11.2
Armour         | 1 2 4 5 7 8 |  8.6
Evocations     | 1 2 3 4 5 |  5.3
Dodging        | 2 3 4 |  4.3
Fighting       | 1 2 |  2.2
Shields        | 2 5 |  5.9
Stealth        | 3 |  3.7
Transmutations | |  0.7

Action                     |  1- 3 |  4- 6 |  7- 9 | 10-12 | 13-15 || total
---------------------------+-------+-------+-------+-------+-------++-------
  Melee: Whip              |    41 |    33 |       |       |       ||    74
         Punch             |       |     1 |     2 |     3 |       ||     6
         Flail             |       |    10 |   122 |   342 |    36 ||   510
   Fire: Sling             |       |       |       |     4 |       ||     4
  Throw: Dart              |       |       |       |     6 |       ||     6
   Cast: Sandblast         |    45 |    49 |   154 |   226 |    34 ||   508
         Stone Arrow       |       |       |    11 |       |       ||    11
         Passwall          |       |       |     1 |     4 |       ||     5
         Petrify           |       |       |     1 |    20 |     1 ||    22
         Lee's Rapid Decon |       |       |       |    45 |    15 ||    60
  Evoke: Wand              |       |       |       |     8 |       ||     8
    Use: Scroll            |     4 |       |     9 |    14 |       ||    27
         Potion            |       |       |       |     3 |     1 ||     4
   Stab: Petrified         |       |       |       |    10 |       ||    10
 Armour: Robe              |    13 |       |       |       |       ||    13
         Ring mail         |     9 |    48 |   237 |   651 |    47 ||   992
  Dodge: Dodged            |    32 |    53 |   210 |   484 |    26 ||   805
         Repelled          |       |       |       |     1 |     1 ||     2
  Block: Kite shield       |       |       |       |   109 |    33 ||   142
